 Dungeon Crawl Stone Soup version 0.28-a0-1518-gbe868bca14 (webtiles) character file.

Game seed: 9289599858424575738

1106 buddhastalin the Chopper (level 8, 0/105 HPs)
             Began as a White Draconian Berserker on Jan 16, 2022.
             Was a Priest of Trog.
             Slain by a wight (5 damage)
             ... on level 6 of the Dungeon.
             The game lasted 00:07:43 (5255 turns).

buddhastalin the Chopper (DrBe)                     Turns: 5255, Time: 00:07:43

Health: 0/105      AC:  6    Str: 22    XL:     8   Next: 11%
Magic:  8/8        EV: 13    Int:  8    God:    Trog [***...]
Gold:   177        SH:  0    Dex: 10    Spells: 7/7 levels left

rFire   . . .      SeeInvis .   a - +0 hand axe (spect)
rCold   + . .      Faith    +   (no shield)
rNeg    . . .      Spirit   .   (armour unavailable)
rPois   .          Reflect  .   (helmet restricted)
rElec   .          Harm     .   (no cloak)
rCorr   .          Rampage  .   (no gloves)
Will    .....                   (no boots)
Stlth   ..........              o - amulet of faith
HPRegen 0.27/turn               (no ring)
MPRegen 0.11/turn               (no ring)

@: berserking, very quick
A: breathe frost, AC +6, unfitting armour, cold resistance 1, cold-blooded
a: Breathe Frost, Renounce Religion, Berserk, Trog's Hand


You were on level 6 of the Dungeon.
You worshipped Trog.
Trog was most pleased with you.
You visited 1 branch of the dungeon, and saw 6 of its levels.
You also visited: Sewer.

You collected 247 gold pieces.
You spent 70 gold pieces at shops.

Inventory:

Hand Weapons
 a - a +0 spectral hand axe (weapon)
 l - a +0 war axe
Missiles
 c - 5 silver boomerangs
 g - 16 poisoned darts (quivered)
Jewellery
 o - an amulet of faith (around neck)
Scrolls
 b - a scroll of magic mapping
 i - 2 scrolls of identify
 j - 2 scrolls of teleportation
Potions
 d - 4 potions of curing
 e - a potion of cancellation
 f - a potion of might
 h - a potion of berserk rage
 k - 2 potions of lignification
 m - a potion of attraction {unknown}
 n - a potion of degeneration {unknown}


   Skills:
 + Level 6.1 Fighting
 * Level 7.4 Axes
 + Level 5.1 Dodging


You had 7 spell levels left.
You didn't know any spells.
Your spell library was empty.

Dungeon Overview and Level Annotations

Branches:
Dungeon (6/15)             Temple (0/1) D:5           Sewer (visited)

Altars:
Makhleb

Shops:
D:3 *   D:4 [


Innate Abilities, Weirdness & Mutations

You can breathe waves of freezing cold which knock back foes.
Your icy white scales are hard. (AC +6)
You cannot fit into any form of body armour.
Your flesh is cold resistant. (rC+)
You are cold-blooded and may be slowed by cold attacks.


Message History

You are engulfed in a cloud of scalding steam.
The wight hits your +0 spectral hand axe with a +2 war axe!
Your spectral weapon shares its damage with you!
The wight hits you with a +2 war axe.
You feel drained.
* * * LOW HITPOINT WARNING * * *
x2 The centaur misses you.
The centaur barely misses you.
You closely miss the centaur. You tail-slap the centaur!
The centaur is severely wounded.
You hit the wight but do no damage.
Your +0 spectral hand axe closely misses the wight.
Your +0 spectral hand axe hits the centaur.
You are engulfed in a cloud of scalding steam.
* * * LOW HITPOINT WARNING * * *
The centaur closely misses you.
The centaur kicks you but does no damage.
You slash the centaur!
You kill the centaur!
Trog accepts your kill.
You closely miss the wight.
Your +0 spectral hand axe hits the wight.
You are engulfed in a cloud of scalding steam.
* * * LOW HITPOINT WARNING * * *
The wight hits you with a +2 war axe!
* * * LOW HITPOINT WARNING * * *
The wight hits your +0 spectral hand axe but does no damage.
The wight hits your +0 spectral hand axe with a +2 dagger of freezing.
Your spectral weapon shares its damage with you!
* * * LOW HITPOINT WARNING * * *
Your life force feels restored.
Your Fighting skill increases to level 6!
Your Dodging skill increases to level 5!
You have reached level 8!
You feel stronger.
You slice the wight!!
You destroy the wight!
Trog accepts your kill.
A white imp comes into view.
The white imp shouts, "Flee, thou skyhacking tardy-gaited harpy!"
The wight hits you with a +2 dagger of freezing.
You die...

.......>...............
.........#.#########.#.
...........#.........#.
######....##.#..####.#.
#.................
#....##..#.#....#.
#....##..#........
#....##..######.#.
#@ยง...........<...
#z..###...........
#...# ##.###..##. #...#
##......... 5...#
##.......... ..###
#..<........ ..#
#........... ...#
+...........
#..........#


You could see a wight and a white imp.

Vanquished Creatures
  Sigmund (D:2)
  A steam dragon (D:6)
  A water moccasin (Sewer)
  An ogre (D:5)
  A centaur (D:6)
  2 scorpions (D:5)
  2 wights (D:6)
  A howler monkey (D:5)
  A bullfrog skeleton (D:3)
  An iguana (D:5)
  A hound skeleton (D:5)
  Robin (D:2)
  5 gnolls
  A howler monkey skeleton (D:6)
  7 adders
  A shadow imp (D:3)
  An ufetubus (D:4)
  4 worms
  A dart slug (D:3)
  7 orcs
  2 bats
  5 endoplasms
  A giant cockroach (D:4)
  14 goblins
  13 hobgoblins
  6 jackals
  3 quokkas
  4 ball pythons
  3 frilled lizards
  4 kobolds
  7 rats
103 creatures vanquished.

Vanquished Creatures (others)
  14 plants (D:3)
14 creatures vanquished.

Grand Total: 117 creatures vanquished

Notes
Turn   | Place    | Note
-------+----------+-------------------------------------------
     0 | D:1      | buddhastalin the Draconian Berserker began the quest for
                  | the Orb.
     0 | D:1      | Reached XP level 1. HP: 19/19 MP: 1/1
   135 | D:1      | Reached XP level 2. HP: 26/26 MP: 2/2
   989 | D:2      | Reached XP level 3. HP: 16/33 MP: 3/3
  1381 | D:2      | Noticed Sigmund
  1390 | D:2      | Killed Sigmund
  1391 | D:2      | Reached skill level 4 in Axes
  1391 | D:2      | Reached XP level 4. HP: 23/41 MP: 4/4
  1391 | D:2      | Reached XP level 5. HP: 27/47 MP: 5/5
  1580 | D:2      | Found a burning altar of Makhleb.
  1841 | D:2      | Reached skill level 5 in Axes
  1855 | D:2      | Noticed Robin
  1865 | D:2      | Reached ** piety under Trog
  1882 | D:2      | Killed Robin
  2140 | D:3      | Reached XP level 6. HP: 37/53 MP: 6/6
  2393 | D:3      | Found Iqitukli's General Store.
  2402 | D:3      | Bought a potion of curing for 42 gold pieces
  2402 | D:3      | Bought a scroll of identify for 28 gold pieces
  3082 | D:3      | Found a faded altar of an unknown god.
  3445 | D:4      | Found a glowing drain.
  3460 | Sewer    | Entered a sewer
  3467 | Sewer    | Reached *** piety under Trog
  3487 | Sewer    | Noticed a water moccasin
  3495 | Sewer    | Killed a water moccasin
  3496 | Sewer    | Reached skill level 5 in Fighting
  3755 | D:4      | Found Arurih's Armour Shop.
  4094 | D:5      | Entered Level 5 of the Dungeon
  4117 | D:5      | Reached skill level 6 in Axes
  4126 | D:5      | HP: 4/84 [gnoll (7)]
  4304 | D:5      | Your scales start taking on an icy white colour.
  4304 | D:5      | Reached XP level 7. HP: 40/61 MP: 7/7
  4304 | D:5      | Gained mutation: Your flesh is cold resistant. (rC+) [White
                  | Draconian growth]
  4824 | D:5      | Found a staircase to the Ecumenical Temple.
  5239 | D:6      | Noticed a steam dragon
  5249 | D:6      | Killed a steam dragon
  5250 | D:6      | Reached skill level 7 in Axes
  5253 | D:6      | HP: 4/91 [wight (2)]
  5254 | D:6      | Reached skill level 5 in Dodging
  5254 | D:6      | Reached XP level 8. HP: 5/70 MP: 8/8
  5255 | D:6      | Slain by a wight

Illustrated notes

Levels and vault maps discovered:
D:1:      tarquinn_simple_flora_water_e, layout_basic
D:2:      layout_basic, basic_altar, minmay_misc_feat_more_columns,
          uniq_sigmund, uniq_robin
D:3:      layout_basic, hellmonk_ecumenical_altar_blasted, serial_bayou,
          serial_bayou_lagoon_a, serial_bayou_pond_b, serial_bayou_crossing,
          serial_bayou_shore_b, serial_bayou_shore_a, serial_bayou_ford_a,
          serial_shops, shop
D:4:      layout_loops_ring, serial_shops, nicolae_stop_n_shop_1,
          cheibrodos_sewer_entry_drain
D:5:      layout_loops_ring, minmay_temple_entry_drinking_statues
D:6:      minmay_cornered_nines, layout_basic, uniq_edmund

Skill      XL: |  1  2  3  4  5  6  7 |
---------------+----------------------+-----
Dodging        | 3 4 5 |  5.1
Fighting       | 4 5 6 |  6.1
Axes           | 4 5 6 7 |  7.4

Action                   |  1- 3 |  4- 6 |  7- 9 || total
-------------------------+-------+-------+-------++-------
Melee: Hand axe          |    88 |   178 |    43 ||   309
       Tailslap          |    10 |    19 |     5 ||    34
       Punch             |       |     3 |     1 ||     4
Invok: Berserk           |     2 |     2 |     1 ||     5
  Use: Scroll            |       |     8 |       ||     8
 Stab: Sleeping          |       |       |     1 ||     1
Armor: Skin              |    26 |    55 |     6 ||    87
Dodge: Dodged            |    55 |    88 |    26 ||   169

Table legend: (Time is in decaauts)
 A = Elapsed time spent in this place.
 B = Non-inter-level travel time spent in this place.
 C = Inter-level travel time spent in this place.
 D = Time resting spent in this place.
 E = Time spent auto-exploring this place.
 F = Levels seen in this place.
 G = Mean time per level.
                   A        B        C        D        E       F      G
               +--------+--------+--------+--------+--------+-----+--------+
         Total |   5365 |   5166 |    199 |   1505 |   2818 |   7 |  766.4 |
       Dungeon |   5137 |   4938 |    199 |   1398 |   2744 |   6 |  856.2 |
         Sewer |    228 |    228 |      0 |    107 |     74 |   1 |  228.0 |
               +--------+--------+--------+--------+--------+-----+--------+

Top non-repeatable levels by time:
     D:3: 1270 daAuts
     D:2: 1193 daAuts
     D:5: 1080 daAuts
     D:1: 958 daAuts
     D:4: 552 daAuts
   Sewer: 228 daAuts
     D:6: 82 daAuts
